AoeStats
← Cinnamoroll

African Clearing

506558341Analyzed
4v4 RM · 17d ago on Sep 14, 2026· 49m 12s· 8 players
Game mode
Random Map
Map size
Large (8 player)
Population
200
Speed
Normal
Resources
Standard
Victory
Conquest
Starting age
Dark Age
Ending age
Imperial Age
RankedLock teamsTeams togetherTeam positionsShared explorationLock speedFull tech treeHidden civsTurbo modeCheats
Victory
Defeat
🇦🇷 Maya · Argentina
1533
+17
🇨🇦 Portuguese · Canada
1518
+17
🇨🇱 Malay · Chile
1496
+18
🇺🇸 Wei · United States
1442
+20
🇺🇸 Khmer · United States
1682
-24
🇨🇳 Cumans · China
1649
-22
🇨🇳 Shu · China
1424
-13
🇦🇺 Saracens · Australia
1421
-13
Cinnamoroll
10:59 Loom
13:01 Feudal Age
16:57 Castle Age
15:25 Double-Bit Axe
18:51 Bow Saw
19:47 Sanctity
19:48 Fervor
22:31 Wheelbarrow
21:42 Town Watch
22:33 Horse Collar
26:55 Redemption
28:10 Atonement
29:14 Heavy Plow
30:06 Pikeman
30:47 Scale Mail Armor
35:18 Gold Mining
38:38 Imperial Age
38:34 Hand Cart
38:46 Stone Mining
39:23 Siege Engineers
39:41 Conscription
39:53 Block Printing
42:06 Two-Man Saw
41:51 Theocracy
43:18 Arquebus
44:49 Elite Organ Gun
48:13 Crop Rotation
47:55 Masonry
48:46 Chemistry
48:07 Ballistics
47:28 Treadmill Crane
49:02 Circumnavigation
QNA | Apachai Hopachai
12:32 Loom
14:54 Feudal Age
17:55 Castle Age
15:58 Double-Bit Axe
21:02 Horse Collar
28:24 Fishing Lines
30:17 Gillnets
31:21 Bow Saw
32:37 Fletching
33:24 Heavy Plow
34:30 Gold Mining
34:31 Stone Mining
35:18 Wheelbarrow
34:30 Town Watch
34:49 Bodkin Arrow
34:54 Padded Archer Armor
36:31 Hand Cart
36:42 Town Patrol
40:02 Imperial Age
37:26 Guard Tower
39:29 Ballistics
39:21 Masonry
40:28 Keep
40:57 Chemistry
39:58 Bracer
40:14 Leather Archer Armor
40:23 Conscription
41:05 Stone Shaft Mining
41:06 Gold Shaft Mining
42:17 Murder Holes
42:28 Siege Engineers
42:33 Masonry
42:04 Treadmill Crane
42:15 Heated Shot
43:59 Ring Archer Armor
47:53 Forced Levy
47:54 Thalassocracy
48:17 Bombard Tower
anykind
4:32 Loom
14:39 Feudal Age
15:25 Town Watch
15:36 Double-Bit Axe
15:33 Horse Collar
15:46 Stone Mining
18:11 Castle Age
17:59 Wheelbarrow
24:03 Fletching
30:52 Bodkin Arrow
37:17 Imperial Age
36:45 Bow Saw
36:30 Gold Mining
43:24 Conscription
44:54 Scale Barding Armor
47:26 Bloodlines
47:16 Husbandry
47:38 Chain Barding Armor
47:18 Heavy Hei Guang Cavalry
48:31 Hand Cart
griego
3:16 Loom
11:45 Feudal Age
12:21 Double-Bit Axe
16:08 Fletching
19:02 Town Watch
23:35 Castle Age
27:10 Horse Collar
31:35 Bow Saw
33:32 Wheelbarrow
34:29 Padded Archer Armor
35:57 Bodkin Arrow
37:04 Hand Cart
38:09 Gold Mining
38:25 Stone Mining
42:17 Imperial Age
40:30 Ballistics
41:20 Stone Shaft Mining
41:12 Leather Archer Armor
41:57 Thumb Ring
41:57 Heavy Plow
42:23 Elite Plumed Archer
43:06 Bracer
44:10 Chemistry
44:10 Ring Archer Armor
44:35 Crop Rotation
44:54 Conscription
46:17 Two-Man Saw
45:51 Capped Ram
47:13 Siege Ram
busy pushing deer
14:09 Feudal Age
17:02 Castle Age
15:20 Double-Bit Axe
18:05 Bow Saw
18:29 Horse Collar
18:54 Light Cavalry
24:38 Loom
31:32 Wheelbarrow
30:46 Town Watch
35:39 Imperial Age
33:43 Ballistics
34:16 Heavy Plow
35:57 Hand Cart
37:10 Double Crossbow
38:17 Chemistry
37:34 Husbandry
39:03 Bloodlines
40:02 Scale Barding Armor
41:11 Forging
42:07 Chain Barding Armor
42:05 Siege Engineers
43:27 Plate Barding Armor
46:04 Plate Barding Armor
46:04 Iron Casting
44:53 Hussar
47:51 Heavy Scorpion
SpawnShark
3:53 Loom
12:47 Feudal Age
17:02 Castle Age
15:19 Double-Bit Axe
16:20 Gold Mining
30:18 Wheelbarrow
29:28 Town Watch
29:56 Husbandry
34:46 Imperial Age
32:49 Forging
33:14 Bloodlines
33:35 Scale Barding Armor
33:58 Horse Collar
36:55 Chemistry
37:13 Bow Saw
39:36 Gold Shaft Mining
42:14 Elite Mameluke
42:23 Light Cavalry
lemon tea
8:26 Loom
11:27 Feudal Age
13:25 Double-Bit Axe
16:49 Fletching
18:22 Padded Archer Armor
20:09 Town Watch
23:47 Horse Collar
25:14 Wheelbarrow
30:57 Castle Age
不会打弓
5:39 Loom
13:29 Feudal Age
14:46 Double-Bit Axe
17:07 Castle Age
15:32 Horse Collar
19:21 Scale Barding Armor
19:27 Forging
21:15 Husbandry
20:45 Light Cavalry
23:37 Chain Barding Armor
Connection lost

Rejoining the realm…

Still unreachable

The connection could not be restored.

Session expired

The server has moved on; the page needs a fresh start.